 Dungeon Crawl Stone Soup version 0.31.0-32-g396128a36d (webtiles) character file.

Game seed: 17612831301979742157

272 AgateBread the Shooter (level 6, 0/42 (56) HPs)
             Began as a Minotaur Hunter on Apr 11, 2024.
             Slain by a wight
             ... wielding a +0 great sword
              (9 damage)
             ... on level 3 of the Dungeon.
             The game lasted 00:19:00 (4291 turns).

AgateBread the Shooter (Minotaur Hunter)            Turns: 4291, Time: 00:19:00

HP:   0/42 (56)     AC:  6    Str: 16    XL:     6   Next: 2%
MP:   5/5           EV: 11    Int:  6    God:
Gold: 160           SH:  0    Dex: 15    Spells: 5/5 levels left

rFire   . . .        a - +0 shortbow
rCold   . . .        (shield currently unavailable)
rNeg    . . .        n - +0 ring mail
rPois   .            (helmet restricted)
rElec   .            (no cloak)
rCorr   +            (no gloves)
SInv    .            d - +0 pair of boots
Will    .....        (no amulet)
Stlth   +            s - ring of resist corrosion
HPRegen 0.27/turn    (no ring)
MPRegen 0.09/turn

%: no passive effects
@: very heavily drained
A: horns 2, retaliatory headbutt
a: no special abilities


You were on level 3 of the Dungeon.
You visited 1 branch of the dungeon, and saw 4 of its levels.

You collected 160 gold pieces.

Inventory:

Hand Weapons
 a - a +0 shortbow (weapon)
 f - a +0 dagger
 m - a +0 short sword
 u - a +0 falchion
 A - a +0 long sword
Missiles
 k - 10 poisoned darts
Armour
 c - a +0 leather armour
 d - a +0 pair of boots (worn)
 e - a +0 plate armour
 l - a +0 chain mail
 n - a +0 ring mail (worn)
 z - a +0 scale mail
Jewellery
 s - a ring of resist corrosion (left hand)
Scrolls
 b - a scroll of butterflies
 q - a scroll of torment
 r - a scroll of identify {unknown}
 t - a scroll of fog {unknown}
 v - a scroll of noise {unknown}
 w - a scroll of vulnerability {unknown}
 x - a scroll of silence {unknown}
 y - a scroll of teleportation
Potions
 g - a potion of berserk rage {unknown}
 i - a potion of magic {unknown}
 j - 2 potions of might {unknown}
 o - a potion of haste {unknown}
 p - a potion of degeneration {unknown}


   Skills:
 + Level 5.0 Fighting
 + Level 6.0 Ranged Weapons
 + Level 3.2 Armour
 - Level 2.1 Dodging
 - Level 0.7 Stealth


You had 5 spell levels left.
You didn't know any spells.
Your spell library was empty.

Dungeon Overview and Level Annotations

Branches:
Dungeon (4/15)
 Temple: D:4-7

Altars:

Shops:
D:1 :


Innate Abilities, Weirdness & Mutations

You have a pair of horns on your head.
You reflexively headbutt those who attack you in melee.


Message History

You feel drained.
You hit the wight.
The wight is lightly damaged.
The wight closely misses you.
You closely miss the wight.
The wight is lightly damaged.
The wight closely misses you.
You hit the wight.
The wight is moderately damaged.
The wight hits you with a +0 great sword.
You feel drained.
The wight hits you with a +0 great sword!
* * * LOW HITPOINT WARNING * * *
You feel drained.
* * * LOW HITPOINT WARNING * * *
You feel much better. The wight closely misses you. You furiously retaliate!
You headbutt the wight.
a - a +0 shortbow (weapon)
You shoot an arrow. The arrow closely misses the wight.
The wight misses you.
The wight hits you with a +0 great sword!
You feel drained.
You are too injured to fight recklessly!
You are too injured to fight recklessly!
You are too injured to fight recklessly!
You are too injured to fight recklessly!
Unknown command.
You shoot an arrow.
The arrow hits the wight but does no damage.
The wight is moderately damaged.
The wight barely misses you.
You shoot an arrow. The arrow hits the wight.
The wight is severely damaged.
The wight hits you with a +0 great sword!
* * * LOW HITPOINT WARNING * * *
You feel drained.
* * * LOW HITPOINT WARNING * * *
You shoot an arrow. The arrow hits the wight.
The wight is almost destroyed.
The wight hits you with a +0 great sword!
You die...

#.#####
#.###.#..###....รท..
###.....#
#..##.#.#.#.####.##
>...###.#
##.##.#.##.## #.##
##### #.# #.##.#.##.#
#.## #.#
#.##.#.##.#####.#.
#.#
#.##.#...........#
#.#####
#.##.##########.##
#<....# #.##.# ##.#
###########.####@##.#
##.
.................z..#
##
#####################
#


You could see a wight.

Vanquished Creatures
  A wight (D:4)
  A hound (D:4)
  A sleepcap (D:4)
  An orc wizard (D:4)
  4 adders
  3 ribbon worms (D:2)
  A dart slug (D:1)
  9 orcs
  6 ball pythons
  10 endoplasms
  8 goblins
  7 hobgoblins
  2 jackals (D:4)
  4 quokkas
  5 bats
  4 frilled lizards
  9 kobolds
  10 rats
86 creatures vanquished.

Notes
Turn   | Place    | Note
-------+----------+-------------------------------------------
     0 | D:1      | AgateBread the Minotaur Hunter began the quest for the Orb.
     0 | D:1      | Reached XP level 1. HP: 18/18 MP: 0/0
   133 | D:1      | Found Jotoluig's Book Shop.
   327 | D:1      | Reached XP level 2. HP: 25/25 MP: 1/1
   751 | D:1      | Reached skill level 5 in Ranged Weapons
   751 | D:1      | Reached XP level 3. HP: 31/31 MP: 2/2
  2066 | D:2      | Reached skill level 1 in Armour
  2332 | D:2      | Reached XP level 4. HP: 40/40 MP: 3/3
  3668 | D:4      | Reached XP level 5. HP: 42/47 MP: 4/4
  4006 | D:4      | Reached skill level 5 in Fighting
  4006 | D:4      | Reached skill level 6 in Ranged Weapons
  4006 | D:4      | Reached XP level 6. HP: 37/56 MP: 5/5
  4291 | D:3      | Slain by a wight

Illustrated notes

Levels and vault maps discovered:
D:1:      sevenhm_arrival_forest_fort_large_2, layout_basic, serial_shops, shop,
          dk_noncrumbling_4, serial_bayou_crossing
D:2:      layout_loops_corners, wander_ebering_terrifying_dragon_lair
D:3:      layout_loops_ring
D:4:      layout_basic

Skill      XL: |  1  2  3  4  5 |
---------------+----------------+-----
Fighting       | 3 4 5 |  5.0
Ranged Weapons | 5 6 |  6.0
Armour         | 1 2 3 |  3.2
Dodging        | |  2.1
Stealth        | |  0.7

Action                     |  1- 3 |  4- 6 || total
---------------------------+-------+-------++-------
  Melee: Falchion          |       |    22 ||    22
         Headbutt          |       |     3 ||     3
         Shortbow          |       |     2 ||     2
         Long sword        |       |     4 ||     4
   Fire: Shortbow          |   127 |   105 ||   232
    Use: Scroll            |       |     3 ||     3
         Potion            |       |     2 ||     2
 Armour: Leather armour    |    20 |       ||    20
         Ring mail         |     3 |    84 ||    87
         Chain mail        |     2 |       ||     2
  Dodge: Dodged            |    44 |    58 ||   102
